 Dungeon Sprint DCSS version 0.24.1-5-g77f818bfca (webtiles) character file.

Game seed: 14373703502828075029, levelgen mode: deterministic

1113 nicanaca0 the Bludgeoner (level 8, -3/123 HPs)
             Began as a Minotaur Berserker on Apr 20, 2020.
             Was a Priest of Trog.
             Shot with an arrow by a centaur warrior (16 damage)
             ... in the Dungeon (Sprint I: "Red Sonja") on Apr 23, 2020.
             The game lasted 00:02:22 (440 turns).

nicanaca0 the Bludgeoner (Minotaur Berserker)        Turns: 440, Time: 00:02:22

Health: -3/123     AC:  2    Str: 28    XL:     8   Next: 12%
Magic:  7/7        EV: 12    Int:  6    God:    Trog [***...]
Gold:   175        SH:  0    Dex:  9    Spells: 7/7 levels left

rFire    . . .     SeeInvis .   b - +0 mace
rCold    . . .     Gourm    .   (no shield)
rNeg     . . .     Faith    .   c - +0 animal skin
rPois    .         Spirit   .   (helmet restricted)
rElec    .         Reflect  .   (no cloak)
rCorr    .         Harm     .   (no gloves)
MR       .....     NoTele   +   (no boots)
Stlth    ..........             (no amulet)
HPRegen  0.30/turn              (no ring)
MPRegen  0.10/turn              (no ring)

@: berserking, very slightly contaminated, very quick
A: retaliatory headbutt, horns 2
a: Berserk, Trog's Hand, Renounce Religion


You were in the Dungeon.
You worshipped Trog.
Trog was most pleased with you.
You were very hungry.

You visited 1 branch You collected 175 gold pieces.

Inventory:

Hand Weapons
 a - a +0 giant spiked club
   (You took it off an ogre in the Dungeon)
 b - a +0 mace (weapon)
Armour
 c - a +0 animal skin (worn)
 Q - a +0 shield
   (You found it in the Dungeon)
Potions
 d - a potion of heal wounds
 f - a potion of haste {@q3}
 g - 2 potions of magic
 h - a potion of berserk rage {!q}
 P - a potion of curing {@q1}
Comestibles
 w - a ration


   Skills:
 + Level 11.1 Fighting
 * Level 17.4 Maces & Flails
 - Level 2.4 Armour
 - Level 2.1 Dodging


You had 7 spell levels left.
You didn't know any spells.
Your spell library was empty.

Dungeon Overview and Level Annotations

Branches:
Dungeon (1/1)

Altars:
Makhleb
Sif Muna
Vehumet
Wu Jian
Xom
Jiyva
Lugonu


Innate Abilities, Weirdness & Mutations

You reflexively headbutt those who attack you in melee.
You have a pair of horns on your head.


Message History

Really walk into a travel-excluded area? [Y]es or [N]o only, please.
Really walk into a travel-excluded area?
There is an open door here.
You avoid triggering an arrow trap.
There is an arrow trap here.
You avoid triggering an arrow trap.
There is an arrow trap here.
Really walk into a travel-excluded area? [Y]es or [N]o only, please.
Really walk into a travel-excluded area?
There is an open door here.
Really walk into a travel-excluded area? [Y]es or [N]o only, please.
Really walk into a travel-excluded area?
There is an open door, spattered with blood here.
Found a radiant altar of Vehumet.
You see here a short sword.
Some of the chunks of flesh in your inventory have rotted away.
You see here 13 gold pieces.
You hit the jelly but do no damage.
Your hands burn!
You headbutt the jelly, but do no damage.
The jelly hits you but does no damage.
You hit the jelly but do no damage.
Your hands burn!
You headbutt the jelly!
You recover from your berserk rage.
The jelly barely misses you.
You hit the jelly.
Your hands burn!
The jelly hits you. The acid corrodes you!
You are splashed with acid!
You sock the jelly!
You kill the jelly!
Trog accepts your kill.
No target in view!
You see here a short sword.
You now have 175 gold pieces (gained 13).
You see here a short sword.
There is an open door, spattered with blood here.
You start resting.
You are no longer corroded.
You start resting.
All of the chunks of flesh in your inventory have rotted away.
Unknown command.
You start waiting.
Done waiting.
You see here a short sword.
There is an ornate altar of the Wu Jian Council here.
You open the door. 2 centaur warriors come into view.
The centaur warrior shouts!
The centaur warrior wields a +0 shortbow.
The centaur warrior shoots an arrow.
The arrow barely misses you.
The centaur warrior moves out of view.
You close the door.
There is a shimmering blue altar of Sif Muna here.
As you open the door, it creaks loudly!
Something unseen opens the door.
There is an open door here.
The centaur warrior shoots an arrow.
The arrow completely misses you.
You see here a shield.
Q - a shield The centaur warrior shoots an arrow.
The arrow hits you!!
You close the door.
A centaur warrior opens the door.
You close the door.
A centaur warrior opens the door.
The centaur warrior shoots an arrow.
The arrow hits you!!
* * * LOW HITPOINT WARNING * * *
Okay, then.
Okay, then.
Really read
i - a scroll of blinking {@r3!r}? [Y]es or [N]o only, please.
Really read
i - a scroll of blinking {@r3!r}?
Blink to where?
You are very lightly contaminated with residual magic.
As you read the scroll of blinking {@r3!r}, it crumbles to dust.
The centaur warrior unwields a +0 shortbow.
The centaur warrior barely misses you.
A red film seems to cover your vision as you go berserk!
You feel yourself moving faster!
You feel mighty!
You are feeling very hungry.
The centaur warrior closely misses you.
The centaur warrior shouts!
You bludgeon the centaur warrior!!
The centaur warrior hits you but does no damage.
You bludgeon the centaur warrior!! The centaur warrior hits you!
* * * LOW HITPOINT WARNING * * *
You barely miss the centaur warrior. You headbutt the centaur warrior.
The centaur warrior wields a cursed -2 shortbow.
The centaur warrior shoots an arrow.
The arrow hits you!
* * * LOW HITPOINT WARNING * * *
The centaur warrior hits you.
* * * LOW HITPOINT WARNING * * *
You bludgeon the centaur warrior!!
You kill the centaur warrior!
Trog accepts your kill.
Trog will now gift you ammunition as you gain piety.
Your Fighting skill gained 3 levels and is now at level 11!
Your Maces & Flails skill gained 2 levels and is now at level 17!
You have reached level 7!
You have reached level 8!
You feel stronger.
The centaur warrior shoots an arrow.
The arrow hits you!
You die...

###################
#<.#..÷..#.['..#__#
#..)..#..'..#..'^.+
#..#####'#####'#__#
#..# #..# #)####§§
#..# #### ##§#§§≈§c
#..# #+#§H§c§§§
#⌠⌠# +..§_#§≈§§c
#### #_.#§# +##
##+#(# ###


You could see a centaur warrior.

Vanquished Creatures
  A centaur warrior (D)
  A slime creature (D)
  Sigmund (D)
  An ogre (D)
  A jelly (D)
  Ijyb (D)
6 creatures vanquished.

Notes
Turn   | Place    | Note
-------+----------+-------------------------------------------
     0 | D        | nicanaca0 the Minotaur Berserker began the quest for the
                  | Orb.
     0 | D        | Reached XP level 1. HP: 19/19 MP: 0/0
     1 | D        | Noticed Ijyb
     7 | D        | Killed Ijyb
     7 | D        | Reached skill level 7 in Maces & Flails
     7 | D        | Reached XP level 2. HP: 26/26 MP: 1/1
    12 | D        | Noticed an ogre
    17 | D        | Killed an ogre
    17 | D        | Reached skill level 11 in Maces & Flails
    17 | D        | Reached XP level 3. HP: 27/31 MP: 2/2
    17 | D        | Reached XP level 4. HP: 34/39 MP: 3/3
    53 | D        | Noticed Sigmund
    59 | D        | Killed Sigmund
    59 | D        | Reached ** piety under Trog
    59 | D        | Reached skill level 7 in Fighting
    59 | D        | Reached skill level 13 in Maces & Flails
    59 | D        | Reached XP level 5. HP: 48/52 MP: 4/4
    59 | D        | Reached XP level 6. HP: 55/60 MP: 5/5
   172 | D        | Found a shimmering blue altar of Sif Muna.
   173 | D        | Found an ornate altar of the Wu Jian Council.
   179 | D        | Found a burning altar of Makhleb.
   179 | D        | Found a viscous altar of Jiyva.
   179 | D        | Found a shimmering altar of Xom.
   179 | D        | Found a corrupted altar of Lugonu.
   179 | D        | Noticed a slime creature
   186 | D        | Killed a slime creature
   186 | D        | Reached skill level 8 in Fighting
   186 | D        | Reached skill level 15 in Maces & Flails
   213 | D        | Upgraded the game from 0.24.1-4-ge52af88ad5 to
                  | 0.24.1-5-g77f818bfca
   220 | D        | Found a radiant altar of Vehumet.
   426 | D        | Noticed a centaur warrior
   426 | D        | Noticed a centaur warrior
   438 | D        | HP: 20/93 [centaur warrior (8)]
   440 | D        | Killed a centaur warrior
   440 | D        | Reached *** piety under Trog
   440 | D        | Reached skill level 11 in Fighting
   440 | D        | Reached skill level 17 in Maces & Flails
   440 | D        | Reached XP level 7. HP: 11/74 MP: 6/6
   440 | D        | Reached XP level 8. HP: 13/82 MP: 7/7
   440 | D        | Shot with an arrow by a centaur warrior

Levels and vault maps discovered:
D:        dungeon_sprint_1 [red_sonja_temple_1, red_sonja_temple_small_1]

Skill      XL: |  1  2  3  4  5  6 |
---------------+-------------------+-----
Maces & Flails | 7 11 13 17 | 17.4
Fighting       | 7 11 | 11.1
Armour         | |  2.4
Dodging        | |  2.1

Action                   |  1- 3 |  4- 6 |  7- 9 || total
-------------------------+-------+-------+-------++-------
Melee: Mace              |    10 |    15 |       ||    25
       Headbutt          |     2 |     5 |       ||     7
Invok: Berserk           |     1 |     3 |       ||     4
  Use: Scroll            |       |     1 |       ||     1
  Eat: Chunk             |       |     1 |       ||     1
Armor: Animal skin       |     1 |     2 |       ||     3
Dodge: Dodged            |     3 |     7 |       ||    10

Levels and vault maps discovered:
D:        dungeon_sprint_1 [red_sonja_temple_1, red_sonja_temple_small_1]

Table legend:
 A = Turns spent in this place as a percentage of turns spent in the entire game.
 B = Non-inter-level travel turns spent in this place as a percentage of non-inter-level travel turns spent in the entire game.
 C = Inter-level travel turns spent in this place as a percentage of turns spent in this place.
 D = Turns resting spent in this place as a percentage of non-inter-level travel turns spent in this place.
 E = Turns spent auto-exploring this place as a percentage of non-inter-level travel turns spent in this place.
 F = Non-inter-level travel turns spent in this place divided by the number of levels of this place that you've seen.
                   A       B       C       D       E      F
               +-------+-------+-------+-------+-------+----------------------
         Total | 100.0 | 100.0 |   0.0 |  60.0 |  19.8 | 440.0
       Dungeon | 100.0 | 100.0 |   0.0 |  60.0 |  19.8 | 440.0
               +-------+-------+-------+-------+-------+----------------------

Table legend:
 A = Kills in this place as a percentage of kills in entire the game.
 B = Kills by you in this place as a percentage of kills by you in the entire game.
 C = Kills by friends in this place as a percentage of kills by friends in the entire game.
 D = Other kills in this place as a percentage of other kills in the entire game.
 E = Experience gained in this place as a percentage of experience gained in the entire game.
 F = Experience gained in this place divided by the number of levels of this place that you have seen.
                   A       B       C       D       E      F
               +-------+-------+-------+-------+-------+----------------------
         Total | 100.0 | 100.0 |   N/A |   N/A | 100.0 | 1591.0
       Dungeon | 100.0 | 100.0 |   N/A |   N/A | 100.0 | 1591.0
               +-------+-------+-------+-------+-------+----------------------
